 Dungeon Crawl Stone Soup version 0.17-a0-1719-g1afd5a1 (webtiles) character file.

144 shakdrar the Sneak (level 5, 0/36 HPs)
             Began as an Octopode Assassin on Aug 28, 2015.
             Slain by Grinder (11 damage)
             ... while paralysed by Grinder
             ... on level 3 of the Dungeon.
             The game lasted 00:08:45 (2030 turns).

shakdrar the Sneak (Octopode Assassin)              Turns: 2030, Time: 00:08:45

Health: 0/36       AC:  1    Str: 11    XL:     5   Next: 27%
Magic:  5/5        EV:  2    Int: 13    God:
Gold:   157        SH:  0    Dex: 14    Spells: 0 memorised, 4 levels left

rFire  . . .     SeeInvis .     a - +2 dagger
rCold  . . .     Clarity  .     (no shield)
rNeg   . . .     SustAt   .     (helmet restricted)
rPois  .         Gourm    .     (no amulet)
rElec  .         Spirit   .     (no ring)
rCorr  .         Warding  .     (no ring)
rMut   .         Stasis   .     (no ring)
MR     .....                    (no ring)
Stlth  +++++.....               (no ring)
                                (no ring)
                                (no ring)
                                (no ring)

@: paralysed, not resistant to hostile enchantments, quite stealthy
A: almost no armour, amphibious, 8 rings, constrict 8, camouflage 1, gelatinous
body 1
a: no special abilities


You were on level 3 of the Dungeon.
You were not hungry.

You visited 1 branch of the dungeon, and saw 3 of its levels.

You collected 157 gold pieces.

Inventory:

Hand weapons
 a - a +2 dagger (weapon)
 b - a +0 blowgun
Missiles
 c - 8 poisoned needles
 d - 2 curare-tipped needles
 f - 5 needles of confusion
Armour
 h - a +0 buckler
Scrolls
 g - 6 scrolls of identify
 m - a scroll of noise {unknown}
Potions
 l - a potion of haste
Books
 i - a book of Frost

   Spells                             Type                      Level
   a - Freeze                         Ice                          1
   b - Throw Frost                    Conjuration/Ice              2
   c - Ozocubu's Armour               Charms/Ice                   3
   d - Throw Icicle                   Conjuration/Ice              4
   e - Summon Ice Beast               Ice/Summoning                4
   f - Condensation Shield            Ice                          4
Comestibles
 e - 3 bread rations
 j - 3 fruits
 k - a meat ration


   Skills:
 + Level 3.4 Fighting
 + Level 3.5 Short Blades
 - Level 2.0 Throwing
 - Level 1.0 Dodging
 + Level 6.6 Stealth


You had 4 spell levels left.
You didn't know any spells.

Dungeon Overview and Level Annotations

Branches:
Dungeon (3/15)

Altars:

Annotations:
D:3 Grinder


Innate Abilities, Weirdness & Mutations

You cannot wear most types of armour.
You are amphibious.
You can wear up to eight rings at the same time.
You can use your tentacles to constrict eight enemies at once.
Your skin changes colour to match your surroundings (Stealth).
Your rubbery body absorbs attacks (AC +1).


Message History

You see here a bat corpse.
The kobold throws a stone.
The stone misses you. The kobold hits you.
Grinder shouts!
You hit the kobold.
You kill the kobold!
Grinder gestures.
Grinder blinks!
Things that are here:
2 stones; a chain mail You barely miss Grinder.
Your grab misses Grinder. Your squeeze misses Grinder. You hit Grinder.
You grab Grinder.
Grinder is lightly wounded.
You constrict Grinder, but do no damage.
Grinder gestures at you.
You suddenly lose the ability to move!
You lose your grip on Grinder.
Grinder hits you!
You writhe in agony.
Grinder hits you!
You writhe in agony.
Grinder hits you!
You die...

. .. ### ... . #.#
.... ... #.# .....
#....###.####......
#...(...@.#
#.###.###5###
###.....###....
.......†........
#######..#####...#
#...###..#..
#.#?....## # #.
#.#.(#### #.##
###.#...##


You could see Grinder.

Vanquished Creatures
  A worker ant (D:3)
  Jessica (D:2)
  4 adders (D:2)
  A worm (D:2)
  2 giant geckos (D:1)
  A giant cockroach (D:1)
  5 hobgoblins
  6 jackals (D:2)
  3 ball pythons
  7 bats
  A giant newt (D:1)
  6 goblins
  6 kobolds
  5 rats
49 creatures vanquished.

Notes
Turn   | Place    | Note
--------------------------------------------------------------
     0 | D:1      | shakdrar the Octopode Assassin began the quest for the Orb.
     0 | D:1      | Reached XP level 1. HP: 14/14 MP: 1/1
    81 | D:1      | Reached XP level 2. HP: 17/19 MP: 2/2
   807 | D:2      | Reached XP level 3. HP: 22/25 MP: 3/3
   860 | D:2      | Noticed Jessica
   864 | D:2      | Killed Jessica
   864 | D:2      | Reached XP level 4. HP: 29/31 MP: 4/4
   910 | D:2      | Reached skill level 6 in Stealth
  1682 | D:3      | Reached XP level 5. HP: 11/36 MP: 5/5
  2012 | D:3      | Noticed Grinder
  2027 | D:3      | Paralysed by Grinder for 6 turns
  2030 | D:3      | Slain by Grinder

Vault maps used:
D:1:      minmay_arrival_four_houses, minivault_5
D:2:      first_bread, st_stairs_12, uniq_jessica
D:3:      uniq_grinder, uniq_iyjb

Action                   |  1- 3 |  4- 6 || total
-------------------------+-------+-------++-------
Melee: Dagger            |    37 |    59 ||    96
  Use: Potion            |     3 |       ||     3
       Scroll            |     4 |     1 ||     5
 Stab: Sleeping          |    12 |    10 ||    22
       Invisible         |     1 |       ||     1
  Eat: Meat ration       |       |     1 ||     1
       Pizza             |       |     1 ||     1
